Map: Alcyone LE

Players

K.I.-1 (Extrem) - Winner!

  • Race: Zerg Zerg
  • Spawn Location: 1:00

Sam

  • Race: Terran Terran
  • League: Diamond
  • Spawn Location: 7:00

VOD

Have the link to the VOD?

Description

Time

  • Played on: Jan. 30, 2024, 12:22 p.m.
  • Length: 10:48
Show
View Real Time Build Order
Export as new Build Order

K.I.-1 (Extrem) Zerg - Winner!

Build Orders: Pool First 

Get SALT Encoding   

  12  0:00  Drone  
  13  0:12  Overlord  
  13  0:16  Drone  
  14  0:31  Drone x2  
  16  0:43  Spawning Pool  
  16  0:45  Drone  
  16  0:49  Drone  
  17  1:13  Hatchery  
  17  1:14  Drone  
  17  1:18  Extractor  
  16  1:19  Drone  
  16  1:23  Drone  
  18  1:28  Drone  
  19  1:38  Overlord  
  19  1:49  Drone, Queen  
  22  2:00  Zergling x2  
  23  2:11  Drone  
  24  2:21  Drone  
  25  2:24  Roach Warren  
  25  2:25  Queen  
  25  2:27  Drone  
  27  2:34  Extractor  
  27  2:37  Drone  
  27  2:43  Overlord  
  27  2:46  Drone  
  27  2:49  Drone  
  29  2:53  Drone  
  29  2:56  Drone  
  31  3:04  Drone  
  32  3:07  Zergling x2  
  32  3:10  Zergling x2, Roach  
  36  3:14  Roach  
  36  3:17  Roach  
  40  3:21  Roach  
  40  3:26  Drone  
  43  3:29  Drone  
  43  3:32  Overlord  
  44  3:38  Lair  
  44  3:50  Drone x4  
  44  3:53  Drone  
  44  3:54  Drone  
  50  3:57  Drone  
  50  4:01  Drone  
  52  4:03  Overlord  
  52  4:21  Zergling x4, Drone x5  
  59  4:29  Zergling x2  
  60  4:31  Overlord  
  60  4:35  Overlord  
  60  4:37  Hydralisk Den  
  60  4:38  Drone  
  60  4:41  Infestation Pit, Drone  
  60  4:49  Overlord  
  60  4:50  Roach x3  
  66  4:54  Roach  
  68  5:06  Hydralisk  
  70  5:08  Hydralisk x2  
  70  5:09  Hydralisk  
  70  5:10  Drone  
  70  5:12  Drone  
  78  5:14  Overlord  
  78  5:18  Hive  
  78  5:30  Infestor, Overlord  
  78  5:32  Overlord  
  80  5:37  Evolution Chamber  
  80  5:38  Drone  
  80  5:40  Drone, Evolution Chamber  
  80  5:43  Overlord  
  80  5:46  Overlord  
  80  5:52  Zergling x2  
  80  5:54  Zergling x2  
  80  5:55  Zergling x2  
  84  5:57  Zergling x2  
  84  5:58  Infestor  
  84  5:59  Zergling x2  
  87  6:04  Zergling x2  
  87  6:06  Overlord x2  
  88  6:26  Infestor, Drone  
  88  6:28  Extractor  
  88  6:29  Drone  
  88  6:30  Evolution Chamber  
  88  6:31  Drone, Roach  
  88  6:32  Extractor  
  92  6:33  Drone  
  92  6:35  Hatchery  
  92  6:36  Roach  
  92  6:39  Drone  
  95  6:51  Drone x3  
  95  6:54  Drone x2, Metabolic Boost  
  98  6:55  Drone  
  101  7:04  Zerg Melee Weapons Level 1  
  101  7:08  Overseer  
  101  7:18  Zerg Missile Weapons Level 1  
  101  7:24  Spine Crawler  
  101  7:25  Drone  
  101  7:28  Spine Crawler  
  100  7:32  Zerg Ground Armor Level 1  
  100  7:39  Ravager  
  100  7:42  Roach  
  103  7:48  Drone x2, Queen, Ravager  
  103  7:49  Drone x5  
  103  7:50  Drone x4  
  103  7:51  Drone x3  
  119  7:55  Extractor  
  119  7:57  Drone  
  119  7:58  Drone, Extractor  
  120  7:59  Drone  
  121  8:07  Spore Crawler  
  121  8:08  Drone, Spore Crawler  
  121  8:09  Drone  
  121  8:10  Drone  
  122  8:14  Drone x2, Roach  
  122  8:17  Infestor, Overlord  
  122  8:18  Drone  
  122  8:19  Drone  
  131  8:20  Drone  
  131  8:21  Drone, Neural Parasite  
  132  8:28  Glial Reconstitution  
  132  8:30  Drone x2  
  132  8:32  Drone, Spine Crawler  
  134  8:40  Overlord  
  135  8:41  Drone  
  135  8:43  Roach  
  135  8:45  Roach  
  135  8:46  Roach  
  141  8:53  Spine Crawler  
  141  8:54  Drone  
  141  8:55  Spore Crawler  
  140  8:56  Queen  
  142  9:06  Hatchery  
  142  9:09  Hydralisk, Overlord  
  143  9:12  Hydralisk  
  145  9:32  Spine Crawler  
  144  9:44  Spine Crawler  
  144  9:45  Spore Crawler  
  141  9:46  Roach  
  141  9:47  Spore Crawler  
  141  9:48  Drone, Roach  
  141  9:51  Zergling x8  
  141  9:52  Zergling x12  
  144  9:58  Spine Crawler  
  144  9:59  Drone  
  144  10:00  Viper, Spine Crawler  
  144  10:01  Drone, Spine Crawler  
  144  10:02  Drone  
  144  10:06  Ravager  
  148  10:07  Roach, Overlord  
  148  10:08  Ravager  
  148  10:09  Roach  
  153  10:19  Drone  
  153  10:20  Drone x3  
  153  10:21  Drone, Overseer  
  161  10:33  Extractor, Hatchery  
  161  10:34  Drone x2  
  161  10:38  Spore Crawler  
  161  10:40  Spore Crawler  
  161  10:42  Spore Crawler  
  160  10:45  Spore Crawler  
  160  10:47  Spine Crawler  
Show
View Real Time Build Order
Export as new Build Order

Sam Terran 

Build Orders: Mech 

Get SALT Encoding   

  12  0:00  SCV  
  13  0:12  SCV  
  14  0:17  Supply Depot  
  14  0:24  SCV  
  15  0:38  SCV  
  15  0:40  Barracks  
  16  0:43  Refinery  
  16  0:50  SCV  
  17  1:03  SCV  
  18  1:15  SCV  
  19  1:27  Orbital Command  
  19  1:28  Barracks Reactor  
  19  1:40  Command Center  
  19  1:52  Supply Depot  
  19  1:53  SCV  
  20  2:04  Marine x2  
  20  2:05  SCV  
  23  2:16  Factory  
  23  2:17  SCV  
  23  2:20  Refinery  
  24  2:22  Marine  
  24  2:23  Marine  
  26  2:30  SCV  
  27  2:38  Bunker  
  27  2:42  SCV  
  28  2:52  Orbital Command  
  28  2:55  SCV  
  29  3:02  Starport  
  29  3:07  SCV  
  29  3:08  Hellion x2  
  34  3:18  SCV  
  34  3:19  SCV  
  36  3:29  Hellion x2  
  36  3:30  SCV  
  36  3:31  SCV  
  42  3:39  Fusion Core  
  42  3:40  Starport Tech Lab  
  42  3:42  SCV  
  42  3:43  SCV  
  44  3:49  Supply Depot  
  44  3:50  Supply Depot  
  44  3:55  SCV x2  
  46  4:10  Hellion x2, SCV x2  
  46  4:16  Supply Depot  
  52  4:22  SCV x2  
  54  4:26  Battlecruiser  
  60  4:34  SCV x2, Supply Depot  
  62  4:46  SCV x2  
  62  4:47  Command Center  
  62  4:50  Refinery  
  62  4:52  Refinery  
  64  4:58  SCV, Supply Depot  
  64  4:59  SCV  
  66  5:01  Hellion x2  
  70  5:11  SCV x2  
  72  5:14  Factory  
  72  5:15  Factory  
  72  5:23  Hellion x2, SCV x2  
  78  5:28  Engineering Bay  
  78  5:35  SCV x2  
  80  5:39  Armory x2  
  80  5:43  Supply Depot x2  
  80  5:47  SCV x2  
  82  5:53  Hellion  
  82  5:54  Starport Reactor  
  82  5:56  Hellion  
  86  5:59  SCV x2  
  86  6:00  Factory Tech Lab  
  88  6:08  Siege Tank  
  88  6:11  Infernal Pre-Igniter, SCV x2  
  91  6:14  Refinery  
  93  6:19  Orbital Command  
  93  6:20  Refinery  
  93  6:23  Siege Tank, SCV x2  
  98  6:29  Hellion x2  
  98  6:31  Terran Vehicle Weapons Level 1  
  102  6:33  Terran Vehicle And Ship Armor Level 1  
  102  6:37  SCV x2  
  104  6:46  Siege Tank, Supply Depot  
  104  6:47  Supply Depot  
  107  6:48  Supply Depot, SCV  
  107  6:50  SCV x2  
  110  7:00  SCV  
  111  7:02  SCV  
  111  7:04  Missile Turret x2  
  111  7:05  Missile Turret  
  111  7:07  Siege Tank  
  111  7:08  Hellion  
  117  7:09  Hellion  
  117  7:11  Missile Turret  
  117  7:12  SCV x2  
  121  7:20  Siege Tank  
  124  7:25  SCV  
  124  7:26  Command Center, SCV  
  126  7:35  Factory  
  126  7:36  Hellion  
  126  7:37  Hellion  
  130  7:38  Factory  
  130  7:40  Viking x2  
  134  7:45  Supply Depot  
  134  7:47  Supply Depot  
  134  7:48  Supply Depot  
  134  7:53  Missile Turret  
  134  7:54  Hi-Sec Auto Tracking, Sensor Tower  
  134  8:02  Missile Turret  
  134  8:03  Missile Turret  
  134  8:05  Missile Turret  
  134  8:07  Missile Turret  
  134  8:11  Thor  
  140  8:15  Thor  
  140  8:18  SCV x2  
  148  8:27  Factory Tech Lab, Factory Reactor  
  148  8:28  Terran Vehicle Weapons Level 2, Terran Vehicle And Ship Armor Level 2  
  148  8:36  Supply Depot  
  148  8:39  Hellbat x2, Supply Depot x2  
  152  8:48  Siege Tank  
  155  8:49  Viking x2  
  155  8:51  Refinery  
  155  8:53  Refinery  
  159  9:00  Siege Tank  
  159  9:01  Siege Tank  
  165  9:03  Hellbat x2  
  165  9:09  Planetary Fortress  
  169  9:11  SCV x3  
  169  9:14  Hellbat x2  
  176  9:23  Viking, Siege Tank, SCV  
  176  9:24  Viking  
  184  9:28  Hellbat x2  
  188  9:34  Siege Tank  
  188  9:35  Siege Tank  
  194  9:40  Hellbat x2  
  198  9:49  Missile Turret  
  198  9:50  Missile Turret  
  198  9:53  Missile Turret  
  198  10:08  Viking  
  198  10:13  Command Center  
  200  10:15  Command Center  
  200  10:20  Factory  
  200  10:22  Factory  
  200  10:23  Factory  
Tags
 
Composition
Mech
League
Diamond
Matchup
TvZ
Opening
Pool First
Spawn Locations
Cross Positions
Add a new tag
Caveats
  • Supply blocks, unpowered buildings, or Contaminate may cause inaccurate times.
  • Supply counts are checked every 10 seconds.